 Dungeon Crawl Stone Soup version 0.31-a0-256-g80acddb972 (webtiles) character file.

Game seed: 7629605895485043036

17 qw the Shooter (level 2, 0/16 HPs)
             Began as a Gargoyle Hexslinger on July 12, 2023.
             Slain by a goblin
             ... wielding a +0 club
             ... led by Robin
              (3 damage)
             ... on level 2 of the Dungeon.
             The game lasted 00:00:14 (866 turns).

qw the Shooter (Gargoyle Hexslinger)                 Turns: 866, Time: 00:00:15

Health: 0/16       AC:  4    Str: 11    XL:     2   Next: 62%
Magic:  3/3        EV: 12    Int: 13    God:
Gold:   56         SH:  0    Dex: 18    Spells: 2/3 levels left

rFire   . . .        Y - +1 sling
rCold   . . .        (no shield)
rNeg    + . .        c - +0 robe
rPois   inf          (no helmet)
rElec   +            (no cloak)
rCorr   .            (no gloves)
SInv    .            (no boots)
Will    .....        (no amulet)
Stlth   ++           f - +6 ring of dexterity
HPRegen 0.22/turn    (no ring)
MPRegen 0.08/turn

%: no passive effects
@: no status effects
A: sickness immunity, AC +2, negative energy resistance 1, electricity
resistance, torment resistance 1, petrification resistance
a: no special abilities


You were on level 2 of the Dungeon.
You visited 1 branch of the dungeon, and saw 2 of its levels.

You collected 56 gold pieces.


Innate Abilities, Weirdness & Mutations

You are immune to sickness and miasma.
Your stone body is resilient. (AC +2)
You are immune to poison.
You resist negative energy. (rN+)
You are resistant to electric shocks. (rElec)
You are resistant to unholy torment.
You are immune to petrification.


   Skills:
 + Level 1.4 Fighting
 - Level 3.0 Ranged Weapons
 - Level 1.5 Dodging
 - Level 1.0 Spellcasting
 - Level 2.6 Hexes


You had 2 spell levels left.
You knew the following spells:

 Your Spells              Type           Power      Damage    Failure   Level
a - Slow                  Hex            28%        N/A       10%         1

Your spell library contained the following spells:

 Spells                   Type           Power      Damage    Failure   Level
 Inner Flame              Hex/Fire       4%         N/A       43%         3
 Portal Projectile        Hex/Tloc       8%         N/A       43%         3
 Cause Fear               Hex            3%         N/A       67%         4

Inventory:

Hand Weapons
 Y - a +1 sling (weapon)
Armour
 c - a +0 robe (worn)
Jewellery
 f - a +6 ring of dexterity (left hand)
Scrolls
 a - 3 scrolls of identify
 e - a scroll of butterflies {unknown}
Potions
 b - a potion of ambrosia {unknown}
 d - a potion of curing
 g - a potion of heal wounds {unknown}

Dungeon Overview and Level Annotations

Branches:
Dungeon (2/15)

Altars:

Annotations:
D:2 Robin


Message History

A goblin comes into view. It is wielding a +0 dagger.
A hobgoblin comes into view.
You shoot a sling bullet.
The sling bullet closely misses the goblin.
The hobgoblin shouts!
The goblin shouts!
A goblin comes into view. It is wielding a +0 club.
Robin of the Strong Arm comes into view.
They are wielding a +0 spectral club.
You shoot a sling bullet. The goblin shouts!
The sling bullet hits the goblin.
The goblin is heavily wounded.
Robin roars a battlecry!
The goblins go into a battle-frenzy!
A goblin comes into view. It is wielding a +0 club.
Robin throws the goblin at you! The goblin hits you with a dagger.
You shoot a sling bullet. The sling bullet hits the goblin.
The goblin is severely wounded.
The goblin hits you but does no damage.
You shoot a sling bullet. The sling bullet hits the goblin.
You kill the goblin!
The hobgoblin barely misses you. The goblin misses you.
You shoot a sling bullet.
The sling bullet closely misses the goblin.
The hobgoblin barely misses you. The goblin closely misses you.
You shoot a sling bullet.
The sling bullet barely misses the goblin. x2
The hobgoblin closely misses you. x2; The goblin closely misses you.
The goblin hits you with a +0 club. The goblin barely misses you.
The goblin closely misses you. x2
The hobgoblin hits you but does no damage.
Robin says, "Feeling lonely?"
The hobgoblin barely misses you.
You shoot a sling bullet.
The sling bullet closely misses the goblin.
The goblin hits you but does no damage. The goblin misses you.
The hobgoblin closely misses you. The hobgoblin hits you.
The goblin misses you.
You shoot a sling bullet. The sling bullet misses the goblin.
The hobgoblin hits you but does no damage.
The goblin hits you with a +0 dagger. The goblin hits you with a +0 club.
You die...

............#..........
...........###.........
. ..........# ##........
............# #..##..##
... #.......#####.##....
....#.......##....#####.
......gg.)..##..........
..)...gg..####.........>
.....gg@..# #........#.
......ggg.# #........#.
......g...# #........+.
..........# #........#.
....##....# #####....##
.### #<:..# #....#.
.....# #...... ##...#
#...... #.....<


You could see Robin, 3 hobgoblins and 6 goblins.

Vanquished Creatures
  4 goblins
  A hobgoblin (D:1)
  2 kobolds (D:1)
  2 quokkas
  A ball python (D:1)
  3 bats (D:1)
  2 frilled lizards (D:1)
  A rat (D:1)
16 creatures vanquished.

Notes
Turn   | Place    | Note
-------+----------+-------------------------------------------
     0 | D:1      | qw the Gargoyle Hexslinger began the quest for the Orb.
     0 | D:1      | Reached XP level 1. HP: 12/12 MP: 2/2
     0 | D:1      | 0 ||| qw: Version: 0.3-a-52-g30416fa
     0 | D:1      | 0 ||| qw: Game counter: 6730
     0 | D:1      | 0 ||| qw: Melee chars always use a shield: true
     0 | D:1      | 0 ||| qw: God list: Okawaru
     0 | D:1      | 0 ||| qw: Allow faded altars: false
     0 | D:1      | 0 ||| qw: Do Orc after clearing Dungeon:15 true
     0 | D:1      | 0 ||| qw: Do second Lair branch before Depths: true
     0 | D:1      | 0 ||| qw: Lair rune preference: random
     0 | D:1      | 0 ||| qw: Goals: Normal
     0 | D:1      | 0 ||| PLANNING D:1-11
   278 | D:1      | Reached XP level 2. HP: 8/16 MP: 3/3
   645 | D:1      | 645 ||| UPGRADING to +6 ring of dexterity.
   646 | D:1      | 646 ||| READING 6 scrolls labelled BIMEJU XETRYWNEMP.
   647 | D:1      | 647 ||| READING 5 scrolls of identify.
   647 | D:1      | 647 ||| IDENTIFYING green potion
   648 | D:1      | 648 ||| READING 4 scrolls of identify.
   648 | D:1      | 648 ||| IDENTIFYING murky black potion
   649 | D:1      | 649 ||| DROPPING scroll of poison.
   650 | D:1      | 650 ||| DROPPING potion of lignification.
   829 | D:2      | Reached skill level 3 in Ranged Weapons
   859 | D:2      | Noticed Robin
   866 | D:2      | HP: 3/16 [goblin/+0 dagger[Robin] (5)]
   866 | D:2      | Slain by a goblin

Levels and vault maps discovered:
D:1:      dpeg_arrival_houses_and_road, layout_loops_ring,
          chequers_serial_rivers_large_b, hangedman_decor_points
D:2:      layout_basic, shapermc_ecumenical_altar_venn,
          minmay_misc_feat_enclosed, serial_bayou_pond_d, uniq_jessica,
          uniq_robin

Skill      XL: |  1  2 |
---------------+-------+-----
Ranged Weapons | 3 |  3.0
Fighting       | |  1.4
Dodging        | |  1.5
Spellcasting   | |  1.0
Hexes          | |  2.6

Action                     || total
---------------------------++-------
   Fire: Sling             ||    44
    Use: Scroll            ||     3
 Armour: Robe              ||     7
  Dodge: Dodged            ||    19

Table legend:
 A = Non-vault XP
 B = Vault XP
 C = Vault XP percentage of total XP
 D = Non-vault monster count
 E = Vault monster count
 F = Vault count percentage of total count
                 A         B        C        D         E       F
            +---------+---------+-------+---------+---------+-------
      Total |      22 |       3 |  12.0 |      14 |       2 |  12.5
            +---------+---------+-------+---------+---------+-------
        D:1 |      18 |       0 |   0.0 |      12 |       0 |   0.0
        D:2 |       4 |       3 |  42.9 |       2 |       2 |  50.0
            +---------+---------+-------+---------+---------+-------
